 Dungeon Crawl Stone Soup version 0.21-a0-421-gfc1ce30 (webtiles) character file.

403 varam the Grave Robber (level 6, -5/43 HPs)
             Began as a Demonspawn Necromancer on Nov 4, 2017.
             Shot with an arrow by a centaur (13 damage)
             ... on level 6 of the Dungeon.
             The game lasted 00:26:34 (5005 turns).

varam the Grave Robber (Demonspawn Necromancer)     Turns: 5005, Time: 00:26:35

Health: -5/43      AC:  4    Str: 13    XL:     6   Next: 55%
Magic:  11/11      EV: 13    Int: 17    God:
Gold:   177        SH:  0    Dex: 15    Spells: 2/12 levels left

rFire    . . .     SeeInvis .   v - +1 dagger (venom)
rCold    + . .     Gourm    .   (no shield)
rNeg     . . .     Faith    .   a - +0 robe
rPois    .         Spirit   .   (no helmet)
rElec    .         Reflect  .   (no cloak)
rCorr    .         Harm     +   (no gloves)
MR       .....                  (no boots)
Stlth    ++........             F - amulet of harm
HPRegen  0.14/turn              (no ring)
MPRegen  0.12/turn              (no ring)

@: mighty
A: molten scales 1, cold resistance 1, powered by pain 2
a: no special abilities


You were on level 6 of the Dungeon.
You were not hungry.

You visited 1 branch of the dungeon, and saw 5 of its levels.

You collected 177 gold pieces.

Inventory:

Hand Weapons
 h - a +0 dagger
 v - a +1 dagger of venom (weapon)
Missiles
 e - 4 javelins
 q - 105 stones (quivered)
 A - 3 tomahawks
Armour
 a - a +0 robe (worn)
 g - a +0 shield
 s - a +0 cloak
 D - a cursed +0 leather armour
Jewellery
 F - an amulet of harm (around neck)
Wands
 u - a wand of polymorph (12/24)
Scrolls
 f - 3 scrolls of immolation
 i - 2 scrolls of recharging {unknown}
 k - a scroll of amnesia {unknown}
 l - a scroll of blinking {unknown}
 p - 2 scrolls of remove curse {unknown}
 r - 7 scrolls of identify {unknown}
 y - a scroll of teleportation {unknown}
 C - a scroll of random uselessness {unknown}
Potions
 m - a potion of haste {unknown}
 n - a potion of agility {unknown}
 t - a potion of heal wounds {unknown}
 x - a potion of degeneration {unknown}
 z - 5 potions of curing {unknown}
 B - a potion of resistance {unknown}
Books
 b - a book of Necromancy

   Spells                             Type                      Level
   a - Pain                           Necromancy                   1
   b - Animate Skeleton               Necromancy                   1
   c - Vampiric Draining              Necromancy                   3
   d - Regeneration                   Charms/Necromancy            3
   e - Animate Dead                   Necromancy                   4
   f - Control Undead                 Necromancy                   4
 w - a book of Changes

   Spells                             Type                      Level
   a - Beastly Appendage              Transmutation                1
   b - Sticks to Snakes               Transmutation                2
   c - Spider Form                    Transmutation/Poison         3
   d - Ice Form                       Ice/Transmutation            4
   e - Blade Hands                    Transmutation                5
 E - a book of Minor Magic

   Spells                             Type                      Level
   a - Magic Dart                     Conjuration                  1
   b - Blink                          Translocation                2
   c - Call Imp                       Summoning                    2
   d - Slow                           Hexes                        2
   e - Conjure Flame                  Conjuration/Fire             3
   f - Mephitic Cloud                 Conjuration/Poison/Air       3
Comestibles
 c - 3 bread rations
 d - 2 fruits
 j - 3 meat rations
 o - a royal jelly


   Skills:
 - Level 1.6 Fighting
 - Level 3.0 Dodging
 - Level 1.7 Stealth
 + Level 3.5 Spellcasting
 * Level 6.9 Necromancy


You had 2 spell levels left.
You knew the following spells:

 Your Spells              Type           Power        Failure   Level  Hunger
a - Pain                  Necr           ####         1%          1    None
b - Animate Skeleton      Necr           N/A          1%          1    None
c - Animate Dead          Necr           N/A          10%         4    ####...
d - Control Undead        Necr           ####......   10%         4    ####...


Dungeon Overview and Level Annotations

Branches:
Dungeon (4/15)
 Temple: D:4-7

Altars:
Okawaru
Sif Muna
Trog

Annotations:
D:4 Grinder


Innate Abilities, Weirdness & Mutations

You are partially covered in molten scales. (AC +2)
Your flesh is cold resistant. (rC+)
You sometimes gain power by taking damage.


Message History

The centaur shoots an arrow.
The arrow hits you!
You focus on the pain.
You feel mightier all of a sudden.
The centaur shoots an arrow.
The arrow hits you but does no damage.
An electric eel comes into view.
You see here 2 arrows.
The centaur shoots an arrow.
The arrow misses you.
You see here an arrow.
The centaur shoots an arrow.
The arrow hits you!
* * * LOW HITPOINT WARNING * * *
You focus on the pain.
You feel mightier all of a sudden.
You see here an arrow.
Casting: Pain
Confirm with . or Enter, or press ? or * to list all spells.
You can't see any susceptible monsters within range! (Use Z to cast anyway.) Unknown command.
As you read the scroll labeled KITITA PYTEE, it crumbles to dust.
The creatures around you are filled with an inner flame!
It was a scroll of immolation.
The centaur shoots an arrow.
The arrow hits you!
You die...

#### .... .....
..... ..c...
......#########
..............#
.......((@....#
.........(....#
..............#
..............#
..............#
##;#..........#
#≈≈###........#
;≈ #.....[..#


You could see a centaur (inner flame) and an electric eel (inner flame).

Vanquished Creatures
  2 ogres
  A centaur skeleton (D:4)
  2 worker ants (D:4)
  4 gnolls (D:3)
  4 adders
  2 worms (D:4)
  A dart slug (D:1)
  2 orcs
  4 bats
  3 giant cockroaches
  9 goblins
  7 hobgoblins
  7 kobolds
  3 quokkas
  2 frilled lizards
  A leopard gecko skeleton (D:4)
  25 rats
79 creatures vanquished.

Vanquished Creatures (collateral kills)
  A gnoll (D:4)
  An adder (D:4)
  An orc (D:4)
3 creatures vanquished.

Grand Total: 82 creatures vanquished

Notes
Turn   | Place    | Note
-------+----------+-------------------------------------------
     0 | D:1      | varam the Demonspawn Necromancer began the quest for the Orb.
     0 | D:1      | Reached XP level 1. HP: 13/13 MP: 3/3
   226 | D:1      | Gained mutation: You sometimes gain a little power by taking damage. [demonic ancestry]
   226 | D:1      | Reached XP level 2. HP: 15/20 MP: 1/5
   354 | D:1      | Reached skill level 2 in Dodging
  1302 | D:2      | Learned a level 1 spell: Animate Skeleton
  1460 | D:2      | Gained mutation: You are partially covered in molten scales. (AC +2) [demonic ancestry]
  1460 | D:2      | Reached XP level 3. HP: 20/25 MP: 4/6
  1867 | D:2      | Reached skill level 1 in Fighting
  1947 | D:2      | Reached skill level 5 in Necromancy
  2581 | D:3      | Reached XP level 4. HP: 29/32 MP: 4/7
  2800 | D:3      | Found a bloodstained altar of Trog.
  2897 | D:3      | Learned a level 4 spell: Animate Dead
  3860 | D:4      | Noticed an ogre
  3891 | D:4      | Killed an ogre
  3891 | D:4      | Reached skill level 3 in Spellcasting
  3891 | D:4      | Reached skill level 6 in Necromancy
  3891 | D:4      | Gained mutation: Your flesh is cold resistant. (rC+) [demonic ancestry]
  3891 | D:4      | Reached XP level 5. HP: 35/37 MP: 5/9
  3926 | D:4      | Reached skill level 3 in Dodging
  4176 | D:4      | Found an iron altar of Okawaru.
  4182 | D:4      | Gained mutation: You sometimes gain power by taking damage. [demonic ancestry]
  4182 | D:4      | Reached XP level 6. HP: 22/43 MP: 1/10
  4214 | D:4      | Found a deep blue altar of Sif Muna.
  4717 | D:3      | Learned a level 4 spell: Control Undead
  4899 | D:4      | Noticed a sky beast
  4974 | D:4      | Noticed Grinder
  4999 | D:3      | You fall through a shaft for 3 floors!
  5005 | D:6      | Shot with an arrow by a centaur

Vault maps used:
D:1:      elethiomel_arrival_quiet, minmay_misc_feat_room, st_stairs_14
D:2:      minmay_misc_feat_tower, st_stairs_4, minmay_rat_hole
D:3:      lightli_temple_of_fire
D:4:      old_standard_altar, okawaru_altar_gauntlet_db, uniq_blork_the_orc,
          uniq_grinder
D:6:      cheibrodos_iron_armory, lemuel_coloured_pillars_altar,
          grunt_temple_overflow_open, minivault_4, hex_intersection

Skill      XL: |  1  2  3  4  5 |
---------------+----------------+-----
Dodging        | 2 3 |  3.0
Fighting       | 1 |  1.6
Necromancy     | 5 6 |  6.9
Spellcasting   | 3 |  3.5
Stealth        | |  1.7

Action                   |  1- 3 |  4- 6 || total
-------------------------+-------+-------++-------
Melee: Unarmed           |     2 |       ||     2
       Dagger            |    74 |    80 ||   154
Throw: Javelin           |     1 |       ||     1
       Stone             |     1 |    16 ||    17
 Cast: Pain              |    55 |    43 ||    98
       Animate Dead      |       |     2 ||     2
  Use: Scroll            |       |     1 ||     1
 Stab: Sleeping          |     1 |     1 ||     2
  Eat: Chunk             |     6 |     8 ||    14
Armor: Robe              |    28 |    19 ||    47
Dodge: Dodged            |    74 |    51 ||   125

Table legend:
 A = Spawn XP
 B = Non-spawn XP
 C = Spawn XP percentage of total XP
 D = Spawn monster count
 E = Non-spawn monster count
 F = Spawn count percentage of total count
 G = Total turns spent on level
                    A         B        C        D         E        F      G
               +---------+---------+-------+---------+---------+-------+---------
         Total |       0 |     577 |   0.0 |       0 |      82 |   0.0 |  5005
               +---------+---------+-------+---------+---------+-------+---------
           D:1 |       0 |      42 |   0.0 |       0 |      19 |   0.0 |  1322
           D:2 |       0 |      49 |   0.0 |       0 |      30 |   0.0 |  1216
           D:3 |       0 |     200 |   0.0 |       0 |      16 |   0.0 |  1701
           D:4 |       0 |     286 |   0.0 |       0 |      17 |   0.0 |   760
               +---------+---------+-------+---------+---------+-------+---------
